 Dungeon Crawl Stone Soup version 0.16-a0-3474-g346b3f3 (webtiles) character file.

9 Krotius the Skirmisher (level 2, 0/24 HPs)
             Began as a Demonspawn Abyssal Knight on Sept 7, 2015.
             Was an Initiate of Lugonu.
             Slain by a hobgoblin
             ... wielding a +0 club
              (2 damage)
             ... on level 2 of the Dungeon.
             The game lasted 00:10:56 (805 turns).

Krotius the Skirmisher (Demonspawn Abyssal Knight)   Turns: 805, Time: 00:10:56

Health: 0/24       AC:  9    Str: 12      XL:     2   Next: 6%
Magic:  2/2        EV: 10    Int: 12 (13) God:    Lugonu [......]
Gold:   64         SH:  0    Dex: 10      Spells: 0 memorised, 1 level left

rFire  . . .     SeeInvis .     a - +1 falchion
rCold  . . .     Clarity  .     e - +0 ring mail (curse)
rNeg   . . .     SustAb   .     (no shield)
rPois  .         Gourm    .     m - +0 helmet
rElec  .         Spirit   .     r - +0 cloak
rCorr  .         Warding  .     (no gloves)
rMut   .         Stasis   .     (no boots)
MR     .....                    (no amulet)
Stlth  ..........               (no ring)
                                i - +2 ring of protection

@: not resistant to hostile enchantments, extremely unstealthy
A: clumsy 1, powered by pain 1, spit poison 1, wild magic 1
a: Spit Poison, Renounce Religion


You were on level 2 of the Dungeon.
You worshipped Lugonu.
Lugonu was noncommittal.
You were not hungry.

You visited 1 branch of the dungeon, and saw 2 of its levels.
You visited the Abyss 1 time.

You collected 64 gold pieces.

Inventory:

Hand weapons
 a - a +1 falchion (weapon)
Missiles
 f - 24 arrows
 h - 35 stones (quivered)
Armour
 e - a cursed +0 ring mail (worn)
 k - a +0 chain mail
 l - a +0 ring mail
 m - a +0 helmet (worn)
 n - a +0 shield
 r - a +0 cloak (worn)
Jewellery
 b - an uncursed ring of positive energy {unknown}
 i - a +2 ring of protection (left hand)
Potions
 d - a potion of degeneration
Comestibles
 c - 2 bread rations
 g - 2 meat rations


   Skills:
 + Level 3.2 Fighting
 + Level 1.9 Long Blades
 + Level 1.8 Armour
 + Level 0.8 Dodging
 + Level 2.8 Invocations


You had one spell level left.
You didn't know any spells.

Dungeon Overview and Level Annotations

Branches:
Dungeon (2/15)

Altars:
Qazlal

Annotations:
D:2 Jessica, Sigmund


Innate Abilities, Weirdness & Mutations

You sometimes gain a little power by taking damage.
You are clumsy. (Dex -2)
You can spit poison.
Your spells are a little harder to cast, but a little more powerful.


Message History

The magic dart hits you!
* * * LOW HITPOINT WARNING * * *
Sigmund says, "I'm your fate."
Found a stone staircase leading down.
A hobgoblin comes into view. It is wielding a club.
The hobgoblin shouts!
The hobgoblin hits you but does no damage.
Found a scroll of teleportation.
Sigmund casts a spell at you.
You are confused.
Found a potion of curing.
The hobgoblin hits you but does no damage.
You bump into the rock wall.
The hobgoblin hits you with a club.
* * * LOW HITPOINT WARNING * * *
Sigmund hits you from afar with a scythe.
* * * LOW HITPOINT WARNING * * *
You bump into the rock wall.
You feel less confused. The hobgoblin hits you with a club.
You die...

.....#.##.##.#########.#.#
.............# #.#.###
.........l#### #.#...#
##...####.# ### #.#.#.#
..... #@# #!. .####### .
#.# #.# # #_## #@#### #.#
...8 #....# #.# ....#
.######.###@# ....8
.........l@g.# ....
?.#####.##..# . #.##..#
#.#.#.# ..>###. #.# #. ##.
## #


You could see Sigmund, a hobgoblin and a giant newt.

Vanquished Creatures
  A hobgoblin (D:1)
  A bat (D:1)
  A giant newt (D:2)
  3 goblins (D:1)
  5 rats (D:1)
11 creatures vanquished.

Vanquished Creatures (others)
  4 starspawn tentacles (Abyss:1)
  35 starspawn tentacle segments (Abyss:1)
39 creatures vanquished.

Grand Total: 50 creatures vanquished

Notes
Turn   | Place    | Note
--------------------------------------------------------------
     0 | Abyss:1  | Krotius, the Demonspawn Abyssal Knight, began the quest for the Orb.
     0 | Abyss:1  | Reached XP level 1. HP: 18/18 MP: 1/1
    99 | Abyss:1  | Noticed a tentacled starspawn
   116 | D:1      | Escaped the Abyss
   437 | D:1      | Gained mutation: You can spit poison. [potion of mutation]
   437 | D:1      | Gained mutation: You are clumsy. (Dex -2) [potion of mutation]
   437 | D:1      | Gained mutation: Your spells are a little harder to cast, but a little more powerful. [potion of mutation]
   578 | D:1      | Gained mutation: You sometimes gain a little power by taking damage. [demonic ancestry]
   578 | D:1      | Reached XP level 2. HP: 24/24 MP: 2/2
   659 | D:2      | Found a stormy altar of Qazlal.
   714 | D:2      | Noticed Jessica
   720 | D:2      | Noticed Sigmund
   805 | D:2      | Slain by a hobgoblin

Action                   || total
-------------------------++-------
Melee: Falchion          ||    27
Invok: Depart the Abyss  ||     1
 Abil: Spit Poison       ||     1
  Use: Scroll            ||     9
       Potion            ||     6
